 Dungeon Crawl Stone Soup version 0.32-a0-519-g08f29ac1c3 (webtiles) character file.

Game seed: 12522837975361003736

1456 Dirtsage the Cleaver (level 8, -2/53 (56) HPs)
             Began as a Coglin Gladiator on Feb 27, 2024.
             Slain by a wight
             ... wielding a +2 halberd
              (4 damage)
             ... on level 8 of the Dungeon.
             The game lasted 00:06:10 (3482 turns).

Dirtsage the Cleaver (Coglin Gladiator)             Turns: 3482, Time: 00:06:11

HP:   -2/53 (56)    AC: 10    Str: 17    XL:     8   Next: 76%
MP:   8/8           EV:  8    Int:  7    God:
Gold: 210           SH:  0    Dex: 16    Spells: 7/7 levels left

rFire   . . .        a - +0 war axe {Hamal}
rCold   . . .        p - +0 hand axe {Ishleen}
rNeg    . . .        A - +0 chain mail
rPois   .            c - +0 helmet
rElec   .            (no cloak)
rCorr   .            E - +0 pair of gloves
SInv    .            (no boots)
Will    .....        y - amulet of regeneration Stlth
                     (ring unavailable)
HPRegen 1.08/turn    (ring unavailable)
MPRegen 0.11/turn

%: no passive effects
@: studying Evocations, drained, revved
A: off-hand wielding, slow wielding, warmup strikes, no rings
a: no special abilities


You were on level 8 of the Dungeon.
You visited 1 branch of the dungeon, and saw 6 of its levels.

You collected 210 gold pieces.

Inventory:

Hand Weapons
 a - a +0 war axe (weapon) {Hamal}
 p - a +0 hand axe (offhand) {Ishleen}
Missiles
 e - a javelin
 o - 2 throwing nets (quivered)
Armour
 c - a +0 helmet (worn)
 A - a +0 chain mail (worn)
 E - a +0 pair of gloves (worn)
Magical Staves
 k - a staff of alchemy
Jewellery
 y - an amulet of regeneration (around neck)
Wands
 C - a wand of iceblast (6)
Scrolls
 b - a scroll of poison {unknown}
 f - 2 scrolls of revelation {unknown}
 i - 2 scrolls of identify
 n - a scroll of immolation {unknown}
 v - a scroll of enchant armour {unknown}
 w - a scroll of brand weapon {unknown}
 x - a scroll of teleportation {unknown}
 B - a scroll of blinking {unknown}
Potions
 d - a potion of might
 g - a potion of invisibility {unknown}
 h - 2 potions of heal wounds {unknown}
 j - 2 potions of degeneration {unknown}
 l - 2 potions of attraction {unknown}
 m - a potion of brilliance {unknown}
 q - 2 potions of haste {unknown}
 s - a potion of ambrosia {unknown}
 t - a potion of curing {unknown}
 u - 2 potions of magic {unknown}
 z - a potion of cancellation


   Skills:
 - Level 2.0 Fighting
 + Level 11.0 Axes
 - Level 1.7 Throwing
 - Level 2.6 Dodging


You had 7 spell levels left.
You didn't know any spells.
Your spell library contained the following spells:

 Spells                   Type           Power      Damage    Failure   Level
 Volatile Blastmotes      Fire/Tloc      0%         2d10      100%        3
 Fulminant Prism          Conj/Alch      0%         3d5       100%        4
 Iskenderun's Mystic Bla  Conj/Tloc      0%         2d3       100%        4


Dungeon Overview and Level Annotations

Branches:
Dungeon (5/15)
 Temple: D:4-7

Altars:
Gozag
Xom

Portals:
Abyss: D:4

Annotations:
D:4 2 transporters, NoMoreGames's ghost, amateur HuWn


Innate Abilities, Weirdness & Mutations

You can wield a second weapon in your off-hand.
It takes a long time for you to wield or remove held weapons.
Your first few attacks do less damage.
Your grasper-arms cannot wear rings.


Message History

The wight barely misses you.
You hit the wight but do no damage.
The wight is heavily damaged.
You hit the wight but do no damage.
You barely miss the wight with your +0 war axe.
You hit the wight with your +0 war axe.
You destroy the wight!
The wight hits you but does no damage.
You hit the wight with your +0 war axe.
The wight is heavily damaged.
You barely miss the wight with your +0 hand axe.
The wight hits you from afar with a +2 halberd!
The wight hits you with a +1 war axe of freezing.
You feel drained. The wight freezes you.
You take 8 damage, and have 31/53 hp.
The wight closely misses you. The wight hits you with a +2 halberd!
You take 9 damage, and have 22/53 hp.
You hit the wight with your +0 hand axe.
The wight is almost destroyed.
You hit the wight but do no damage. You hit the wight with your +0 war axe.
You destroy the wight!
You hit the wight with your +0 war axe. The wight hits you with a +2 halberd!
* * * LOW HITPOINT WARNING * * *
You feel drained.
* * * LOW HITPOINT WARNING * * *
Your Axes skill increases to level 11!
You take 12 damage, and have 10/53 hp.
MASSIVE DAMAGE!!
You barely miss the wight with your +0 war axe.
The wight is lightly damaged.
You hit the wight with your +0 hand axe.
You hit the wight with your +0 hand axe.
The wight is severely damaged.
You hit the wight but do no damage. The wight hits you with a +2 halberd!
* * * LOW HITPOINT WARNING * * *
You take 10 damage, and have 1/53 hp.
You hit the wight with your +0 war axe.
The wight is severely damaged.
You closely miss the wight with your +0 hand axe.
The wight hits you with a +2 halberd.
You die...

##.# #.## ### ##.#
##..## #.## ......
#..# ......# ##.####
..>....##.....#####
..?....#).###.....####
......z@.## #####....#
.......### ######
#.....# ######


You could see a wight.

Vanquished Creatures
  Pikel (D:4)
  2 black bears (D:4)
  A centaur (D:8)
  A phantom (D:3)
  A lemure (D:4)
  A gnoll sergeant (D:4)
  A scorpion (D:4)
  2 wights (D:8)
  A hound (D:4)
  A bullfrog zombie (D:4)
  An orc priest (D:2)
  A jelly (D:4)
  An orc wizard (D:3)
  A scorpion zombie (D:4)
  A hound zombie (D:4)
  2 hound skeletons (D:4)
  A howler monkey zombie (D:4)
  7 adders
  8 gnolls
  2 adder zombies (D:4)
  An adder skeleton (D:4)
  2 dart slugs
  8 orcs
  5 bats
  9 endoplasms
  9 giant cockroaches
  9 hobgoblins
  6 jackals
  5 quokkas
  7 ball pythons
  5 frilled lizards
  9 goblins
  6 kobolds
  5 rats
123 creatures vanquished.

Notes
Turn   | Place    | Note
-------+----------+-------------------------------------------
     0 | D:1      | Dirtsage the Coglin Gladiator began the quest for the Orb.
     0 | D:1      | Reached XP level 1. HP: 16/16 MP: 1/1
   219 | D:1      | Found a faded altar of an unknown god.
   330 | D:1      | Reached XP level 2. HP: 22/22 MP: 2/2
   553 | D:1      | Reached skill level 4 in Axes
   594 | D:1      | Reached XP level 3. HP: 27/27 MP: 3/3
   940 | D:2      | Reached XP level 4. HP: 32/33 MP: 4/4
  1086 | D:2      | Reached skill level 5 in Axes
  1435 | D:2      | Reached XP level 5. HP: 25/38 MP: 2/5
  1682 | D:3      | Reached skill level 6 in Axes
  2031 | D:3      | Noticed a phantom
  2046 | D:3      | Killed a phantom
  2047 | D:3      | Reached XP level 6. HP: 34/44 MP: 3/6
  2406 | D:3      | Reached skill level 7 in Axes
  2572 | D:3      | Found an opulent altar of Gozag.
  2572 | D:3      | Found a shimmering altar of Xom.
  2659 | D:4      | Noticed a black bear
  2664 | D:4      | Killed a black bear
  2712 | D:4      | Reached XP level 7. HP: 49/50 MP: 7/7
  2725 | D:4      | Reached skill level 8 in Axes
  2774 | D:4      | Found a transporter.
  2837 | D:4      | Noticed Pikel
  2865 | D:4      | Killed Pikel
  2866 | D:4      | Reached skill level 9 in Axes
  2866 | D:4      | Reached XP level 8. HP: 32/56 MP: 8/8
  2975 | D:4      | Reached skill level 10 in Axes
  3174 | D:4      | Found a transporter.
  3193 | D:4      | Noticed NoMoreGames's ghost (amateur HuWn)
  3195 | D:4      | Found a one-way gate to the infinite horrors of the Abyss.
  3384 | D:5      | Entered Level 5 of the Dungeon
  3394 | D:5      | You fall into a shaft and drop 3 floors!
  3480 | D:8      | Reached skill level 11 in Axes
  3481 | D:8      | HP: 1/53 [wight/+2 halberd (11)]
  3482 | D:8      | Slain by a wight

Illustrated notes

Levels and vault maps discovered:
D:1:      psy_arrival_heroes, layout_basic,
          hellmonk_ecumenical_altar_leap_of_faith
D:2:      layout_rooms, chequers_serial_rivers_marsh
D:3:      layout_loops_corners, minitemple, minmay_increasing_density
D:4:      layout_loops_ring, gammafunk_ghost_abyssal_escape, serial_undead,
          serial_undead_c, serial_undead_a, serial_undead_d, serial_undead_a,
          uniq_pikel
D:5:      layout_gridville, mainiacjoe_overflow_surrounded_room,
          lemuel_tele_altar, minmay_temple_entry_antechambers, kennysheep_nub,
          uniq_blork_the_orc
D:8:      layout_cave_pods, mainiacjoe_overflow_alcove_2,
          hangedman_decor_riveting, uniq_amaemon

Skill      XL: |  1  2  3  4  5  6  7  8 |
---------------+-------------------------+-----
Axes           | 4 5 6 7 9 11 | 11.0
Fighting       | |  2.0
Throwing       | |  1.7
Dodging        | |  2.6

Action                     |  1- 3 |  4- 6 |  7- 9 || total
---------------------------+-------+-------+-------++-------
  Melee: War axe           |    63 |   115 |   121 ||   299
         Dagger            |    21 |    23 |       ||    44
         Hand axe          |       |    94 |   115 ||   209
  Throw: Throwing net      |       |     1 |       ||     1
    Use: Scroll            |       |     2 |       ||     2
   Stab: Sleeping          |       |     2 |       ||     2
 Armour: Leather armour    |    57 |    49 |       ||   106
         Chain mail        |       |    14 |    98 ||   112
  Dodge: Dodged            |    47 |    77 |    51 ||   175
         Repelled          |       |       |     2 ||     2

Table legend: (Time is in decaauts)
 A = Elapsed time spent in this place.
 B = Non-inter-level travel time spent in this place.
 C = Inter-level travel time spent in this place.
 D = Time resting spent in this place.
 E = Time spent auto-exploring this place.
 F = Levels seen in this place.
 G = Mean time per level.
                   A        B        C        D        E       F      G
               +--------+--------+--------+--------+--------+-----+--------+
         Total |   3508 |   3398 |    110 |     51 |   2592 |   6 |  584.7 |
       Dungeon |   3508 |   3398 |    110 |     51 |   2592 |   6 |  584.7 |
               +--------+--------+--------+--------+--------+-----+--------+

Top non-repeatable levels by time:
     D:3: 991 daAuts
     D:1: 929 daAuts
     D:2: 772 daAuts
     D:4: 718 daAuts
     D:8: 85 daAuts
     D:5: 9 daAuts
